 Dungeon Crawl Stone Soup version 0.26-a0-1181-gd376ed14c5 (webtiles) character file.

Game seed: 7988758708749914851

269290 runemasterragnar the Sharpshooter (level 21, 0/136 HPs)
             Began as a Kobold Hunter on Dec 26, 2020.
             Was a High Priest of Okawaru.
             Slain by a deep elf blademaster
             ... wielding a +0 rapier
              (6 damage)
             ... on level 3 of the Elven Halls.
             The game lasted 02:03:15 (49151 turns).

runemasterragnar the Sharpshooter (Kobold Hunter)  Turns: 49151, Time: 02:03:15

Health: 0/136      AC: 24    Str: 12    XL:     21   Next: 45%
Magic:  30/30      EV: 16    Int: 13    God:    Okawaru [*****.]
Gold:   1005       SH:  0    Dex: 28    Spells: 23/27 levels left

rFire    . . .     SeeInvis +   J - +8 demon blade "Leech" {vamp, *Rage +Rage rN+}
rCold    . . .     Faith    .   (shield restricted)
rNeg     + + .     Spirit   .   n - +2 shadow dragon scales
rPois    .         Reflect  .   k - +2 hat {SInv}
rElec    .         Harm     .   P - +2 cloak {Will+}
rCorr    .         Rampage  .   v - +2 pair of gloves
Will     +++..     Clarity  +   o - +2 pair of boots {Fly}
Stlth    +++++++++.             a - amulet of Efyelazo {rN+ Regen+}
HPRegen  0.72/turn              S - +6 ring of dexterity
MPRegen  0.22/turn              z - ring of willpower

@: corroded, flying, studying Fighting
A: small, claws 2, fangs 1, clarity, nightstalker 3
}: 1/15 runes: barnacled
a: Stop Flying, Renounce Religion, Evoke Berserk Rage, Heroism, Finesse


You were on level 3 of the Elven Halls.
You worshipped Okawaru.
Okawaru was extremely pleased with you.
You visited 9 branches of the dungeon, and saw 36 of its levels.
You visited 2 bazaars.
You also visited: Wizlab.

You collected 4248 gold pieces.
You spent 3243 gold pieces at shops.

Inventory:

Hand Weapons
 p - a +4 dagger
 y - a +9 arbalest of freezing
 J - the +8 demon blade "Leech" (weapon) {vamp, *Rage +Rage rN+}
   (You found it on level 6 of the Dungeon)

   It inflicts no extra harm, but heals its wielder when it wounds a living foe.
   It protects you from negative energy.
   It lets you go berserk.
   It may make you go berserk in combat.
 Y - a +2 short sword of venom
Missiles
 d - 560 bolts
Armour
 k - a +2 hat of see invisible (worn)
 n - +2 shadow dragon scales (worn)
 o - a +2 pair of boots of flying (worn)
 v - a +2 pair of gloves (worn)
 x - the +0 cloak of Immorality {Regen+ Stlth+}
   (You found it in a wizard's laboratory)

   It increases your rate of regeneration.
   It makes you more stealthy.
 B - a scarf of invisibility
 P - a +2 cloak of willpower (worn)
 V - a +2 pair of boots of stealth
Jewellery
 a - the amulet of Efyelazo (around neck) {rN+ Regen+}
   (You bought it in a shop in a bazaar)

   [amulet of regeneration]

   It protects you from negative energy.
   It increases your rate of regeneration.
 e - an uncursed ring of poison resistance
 t - an uncursed ring of resist corrosion
 z - a ring of willpower (right hand)
 D - an uncursed ring of positive energy
 S - a +6 ring of dexterity (left hand)
 U - an uncursed amulet of reflection
Wands
 c - a wand of paralysis (8)
 j - a wand of disintegration (17)
 q - a wand of iceblast (11)
 A - a wand of polymorph (6)
 Q - a wand of digging (9)
 W - a wand of enslavement (5)
 X - a wand of flame (12)
Scrolls
 g - 3 scrolls of enchant armour
 l - 7 scrolls of teleportation
 m - 3 scrolls of blinking
 u - 2 scrolls of magic mapping
 E - 2 scrolls of brand weapon
 F - 3 scrolls of silence
 G - 9 scrolls of remove curse
 H - 14 scrolls of identify
 O - a scroll of enchant weapon
 R - 4 scrolls of fog
Potions
 b - 4 potions of brilliance
 f - 10 potions of curing
 i - 7 potions of flight
 r - 5 potions of haste
 C - 8 potions of lignification
 I - 2 potions of magic
 K - 2 potions of resistance
 L - 3 potions of cancellation
 M - 4 potions of invisibility
 N - a potion of might
Books
 h - a manual of Fighting
Miscellaneous
 s - a tin of tremorstones (2/2)
 w - a condenser vane (inert)
 T - a phial of floods
 Z - a lightning rod (4/4)


   Skills:
 + Level 15.9 Fighting
 - Level 8.9(13.7) Short Blades
 + Level 11.3(11.8) Long Blades
 - Level 18.0 Crossbows
 + Level 8.9 Armour
 - Level 12.4 Dodging
 + Level 17.7 Stealth
 + Level 3.7 Spellcasting
 * Level 5.4 Hexes
 * Level 5.5 Translocations
 + Level 13.1 Invocations
 + Level 14.1 Evocations


You had 23 spell levels left.
You knew the following spells:

 Your Spells              Type           Power        Failure   Level
a - Portal Projectile     Hex/Tloc       32%          83%         3
b - Corona                Hex            17%          45%         1

Your spell library contained the following spells:

 Spells                   Type           Power        Failure   Level
 Gell's Gravitas          Tloc           8%           82%         3
 Lesser Beckoning         Tloc           8%           82%         3
 Teleport Other           Tloc           16%          82%         3
 Confusing Touch          Hex            16%          83%         3
 Tukima's Dance           Hex            16%          83%         3
 Ensorcelled Hibernation  Hex/Ice        18%          93%         2
 Animate Skeleton         Necr           4%           99%         1
 Foxfire                  Conj/Fire      8%           99%         1
 Magic Dart               Conj           8%           99%         1
 Pain                     Necr           8%           99%         1
 Sting                    Tmut/Pois      8%           99%         1
 Summon Small Mammal      Summ           8%           99%         1
 Dazzling Flash           Conj/Hex       18%          99%         3
 Summon Guardian Golem    Hex/Summ       9%           99%         3
 Cause Fear               Hex            8%           99%         4
 Passage of Golubria      Tloc           N/A          99%         4
 Call Imp                 Summ           2%           100%        2
 Call Canine Familiar     Summ           2%           100%        3
 Ignite Poison            Fire/Tmut/Pois 2%           100%        3
 Vampiric Draining        Necr           1%           100%        3
 Animate Dead             Necr           1%           100%        4
 Iskenderun's Mystic Bla  Conj/Tloc      9%           100%        4
 Summon Ice Beast         Ice/Summ       2%           100%        4
 Summon Lightning Spire   Summ/Air       2%           100%        4
 Agony                    Necr           2%           100%        5
 Bolt of Magma            Conj/Fire/Erth 1%           100%        5
 Borgnjor's Vile Clutch   Necr/Erth      1%           100%        5
 Fireball                 Conj/Fire      1%           100%        5
 Iskenderun's Battlesphe  Conj           2%           100%        5
 Silence                  Hex/Air        4%           100%        5
 Summon Demon             Summ           1%           100%        5
 Summon Forest            Summ/Tloc      4%           100%        5
 Yara's Violent Unravell  Hex/Tmut       4%           100%        5
 Conjure Ball Lightning   Conj/Air       1%           100%        6
 Dispersal                Tloc           8%           100%        6
 Iron Shot                Conj/Erth      1%           100%        6
 Shadow Creatures         Summ           N/A          100%        6
 Starburst                Conj/Fire      1%           100%        6
 Dragon Form              Tmut           1%           100%        7
 Malign Gateway           Summ/Tloc      4%           100%        7
 Monstrous Menagerie      Summ           1%           100%        7
 Orb of Destruction       Conj           1%           100%        7
 Spellforged Servitor     Conj/Summ      1%           100%        7
 Summon Greater Demon     Summ           1%           100%        7
 Discord                  Hex            8%           100%        8
 Disjunction              Tloc           8%           100%        8
 Ignition                 Fire           1%           100%        8
 Summon Horrible Things   Summ           1%           100%        8
 Dragon's Call            Summ           1%           100%        9
 Tornado                  Air            1%           100%        9


Dungeon Overview and Level Annotations

Branches:
Dungeon (15/15)            Temple (1/1) D:7            Lair (6/6) D:11
 Shoals (4/4) Lair:3       Spider (1/4) Lair:4        Slime (0/5) Lair:6
    Orc (2/2) D:10            Elf (3/3) Orc:2        Vaults (2/5) D:14
  Crypt (0/3) Vaults:2     Depths (2/5) D:15         WizLab (visited)

Altars:
Ashenzari
Cheibriados
Dithmenos
Elyvilon
Fedhas
Gozag
Hepliaklqana
Kikubaaqudgha
Makhleb
Nemelex Xobeh
Okawaru
Qazlal
Ru
Sif Muna
Trog
Uskayaw
Vehumet
Wu Jian
Xom
Yredelemnul
Zin
The Shining One
Jiyva

Shops:
D:6 ==   D:9 *   D:13 [*[[!   Orc:2 *:([   Elf:2 *   Elf:3 [   Shoals:1 *
Shoals:2 :   Vaults:2 *?([

Portals:
Hell: Depths:1

Annotations:
D:2 Natasha
D:3 3 runed translucent doors, Asceticacid's ghost, weakling DsGl
D:9 3 runed translucent doors, Melon's ghost, novice DrEE
D:15 3 runed translucent doors
Shoals:1 2 transporters, Pooter's ghost, adept MiMo
Spider:1 Aizul; Asterion


Innate Abilities, Weirdness & Mutations

You are small and have problems with some larger weapons.
You are completely attuned to the shadows.
You have very sharp fingernails.
You have very sharp teeth.
You possess an exceptional clarity of mind.


Message History

* * * LOW HITPOINT WARNING * * *
The deep elf blademaster hits you but does no damage.
The deep elf elementalist is engulfed in blazing flames.
The deep elf elementalist casts a spell at you.
Some walls begin to move on their own!
The deep elf sorcerer is engulfed in blazing flames.
The deep elf sorcerer casts a spell.
The deep elf sorcerer seems to speed up.
You hear a shout! x3
Unknown command.
The deep elf blademaster is engulfed in blazing flames.
The deep elf elementalist is engulfed in blazing flames.
The deep elf sorcerer is engulfed in blazing flames.
The deep elf sorcerer points at you and mumbles some strange words.
The bolt of acid hits you!
* * * LOW HITPOINT WARNING * * *
The acid corrodes you!
You are splashed with acid!
* * * LOW HITPOINT WARNING * * *
The deep elf blademaster hits you with a +0 rapier.
You die...

.#...#...#...#...#...#.......#..#
.#...#...#...#...#...#.......#..#
.#...#...#####...#...#.......#..#
.#...#...........#...#.......#..#
.#...#...........#...#......)#..#
.#...#...........#...#.......#..#
##...##'##########...###'#####..#
.................E..............#
.[..............@eE§......).....#
###..###########..§##############
..#^.# ###e# ..#..# #e# ..+..#
#§# ..#..# #.# ###..# #(# .....#
#)# .....# ...


You could see a deep elf blademaster, a deep elf sorcerer (fast, empowered), a
deep elf elementalist (fast, empowered, repels missiles) and 2 earth elementals.

Vanquished Creatures
  Bai Suzhen (Shoals:3)
  A lich (WizLab)
  An eldritch tentacle (WizLab)
  3 tentacled starspawn (WizLab)
  A sphinx (Vaults:1)
  Frances (Elf:1)
  Ilsuiw (Shoals:4)
  Kirke (Elf:1)
  2 storm dragons (Depths:2)
  A tengu reaver (Depths:1)
  A fire giant (Depths:1)
  A shadow dragon (D:14)
  3 frost giants
  2 orc warlords
  5 vault wardens
  A war gargoyle (Depths:2)
  A draconian annihilator (Depths:2)
  6 ironheart preservers
  2 very ugly things
  7 stone giants
  Azrael (D:14)
  3 entropy weavers
  3 deep elf demonologists
  A spark wasp (Depths:1)
  A purple draconian (WizLab)
  6 ettins
  3 deep elf annihilators
  A blizzard demon (Depths:1)
  10 merfolk impalers
  3 merfolk javelineers
  2 yaktaur captains
  A fire dragon (Lair:6)
  3 deep elf high priests
  3 ice dragons
  4 boulder beetles
  2 vault guards (Vaults:2)
  5 hydras
  5 great orbs of eyes
  A spriggan air mage (Depths:2)
  7 centaur warriors
  4 merfolk avatars
  2 catoblepae
  A two-headed ogre (shapeshifter) (Depths:2)
  An alligator (shapeshifter) (Depths:1)
  3 death knights
  An alligator snapping turtle (Shoals:4)
  15 two-headed ogres
  3 tengu warriors
  6 orc high priests (Orc:2)
  5 ogre magi
  4 merfolk aquamancers
  3 death yaks (Lair:6)
  11 dancing weapons
  A hell knight (Depths:2)
  5 sun demons
  8 deep elf knights
  2 thrashing horrors (WizLab)
  Sonja (Orc:1)
  A fire crab (D:14)
  10 skeletal warriors
  3 shadow wraiths
  9 slime creatures
  A flayed ghost (Depths:1)
  7 unseen horrors
  3 glowing orange brains
  A swamp dragon (Lair:6)
  16 sea snakes
  An obsidian statue (WizLab)
  2 wizards
  Pikel (D:6)
  8 deep elf archers
  19 harpies
  A necromancer (D:14)
  8 orc knights
  12 wolf spiders
  A phantasmal warrior (D:14)
  3 orc sorcerers (Orc:2)
  6 ironbrand convokers
  45 deep elf magi
  A faun (Shoals:3)
  A mana viper (WizLab)
  23 ugly things
  6 cyclopes
  6 manticores
  A guardian serpent (Lair:6)
  4 worldbinders (WizLab)
  11 black mambas
  8 vault sentinels
  A black mamba (shapeshifter) (Vaults:1)
  4 water nymphs
  Psyche (D:9)
  Joseph (D:8)
  2 gargoyles
  A molten gargoyle (D:15)
  6 merfolk sirens
  17 cane toads
  An orange demon (WizLab)
  2 hellions
  8 yaktaurs
  5 rime drakes
  8 komodo dragons
  2 tengu conjurers
  A kobold demonologist (D:11)
  An efreet (Depths:2)
  Maggie (D:8)
  4 ice devils (Depths:1)
  2 demonic crawlers
  A meliai (shapeshifter) (Vaults:1)
  5 trolls
  A jumping spider (Lair:4)
  2 meliai (Spider:1)
  A jumping spider (shapeshifter) (Vaults:2)
  7 hornets
  8 wind drakes
  Prince Ribbit (D:9)
  19 blink frogs
  16 merfolk
  11 dream sheep
  7 snapping turtles
  A dream sheep (shapeshifter) (D:14)
  5 air elementals
  2 vampires
  6 tarantellas (Spider:1)
  12 redbacks
  A wraith (D:14)
  A yak (shapeshifter) (Depths:1)
  5 shadows
  33 yaks
  12 water elementals
  14 wyverns
  Eustachio (D:5)
  4 hogs (Elf:1)
  5 basilisks
  6 fire elementals
  A hog (shapeshifter) (Depths:1)
  2 steam dragons (Lair:6)
  6 vampire mosquitoes (D:15)
  Menkaure (D:6)
  6 spatial vortices (WizLab)
  8 wargs
  An acid dragon (D:15)
  24 water moccasins
  A soldier ant (shapeshifter) (Depths:1)
  A soldier ant (D:13)
  7 hell hounds (D:14)
  A tengu skeleton (WizLab)
  A meliai simulacrum (D:15)
  4 ice beasts
  4 sky beasts
  A hornet zombie (D:15)
  3 black bears
  2 swamp drakes (Lair:6)
  33 orc warriors
  4 phantoms
  3 eyes of draining
  21 ogres
  2 boggarts (WizLab)
  A boggart (shapeshifter) (Vaults:1)
  15 centaurs
  3 wolves (Lair:4)
  4 big kobolds
  14 bullfrogs
  3 earth elementals
  Dowan (D:4)
  A ballistomycete (Lair:6)
  A troll zombie (D:10)
  4 scorpions
  12 killer bees
  2 raiju skeletons (WizLab)
  15 wights
  5 howler monkeys
  7 crimson imps (Depths:1)
  A human simulacrum (Vaults:1)
  4 centaur zombies
  3 bullfrog zombies
  A quasit (D:5)
  9 hounds
  A lava snake (D:15)
  3 bullfrog skeletons
  3 jellies
  12 centaur skeletons
  29 orc wizards
  19 orc priests
  12 iguanas
  Natasha (twice) (D:2)
  9 worker ants
  5 ogre zombies (D:10)
  4 hound skeletons
  A worker ant zombie (D:7)
  8 gnolls
  18 adders
  3 shadow imps
  10 white imps
  2 ufetubi
  An ooze (D:3)
  2 adder skeletons
  3 worms
  6 leopard geckos
  67 orcs
  8 bats
  8 giant cockroaches
  7 goblins
  11 hobgoblins
  20 jackals
  2 quokkas
  9 frilled lizards
  A giant cockroach zombie (D:6)
  2 goblin skeletons (D:10)
  A goblin zombie (D:10)
  4 hobgoblin zombies (D:10)
  20 kobolds
  A leopard gecko skeleton (D:7)
  An orc skeleton (D:10)
  11 orc zombies (D:10)
  4 rats
  A ballistomycete spore (Lair:6)
  2 starspawn tentacles (WizLab)
1233 creatures vanquished.

Vanquished Creatures (collateral kills)
  A tengu reaver (D:14)
  An ettin (D:14)
  A wolf spider (Spider:1)
  A slime creature (D:14)
  2 tarantellas (Vaults:1)
  An orc warrior (Orc:2)
7 creatures vanquished.

Vanquished Creatures (others)
  A tengu reaver (D:14)
  An ettin (D:14)
  A merfolk aquamancer (Shoals:3)
  A deep elf archer (Vaults:2)
  A redback (Vaults:1)
  An ogre (Depths:1)
  A ballistomycete spore (Lair:6)
  28 fungi
  135 plants
  6 starspawn tentacles (WizLab)
176 creatures vanquished.

Grand Total: 1416 creatures vanquished

Notes
Turn   | Place    | Note
-------+----------+-------------------------------------------
     0 | D:1      | runemasterragnar the Kobold Hunter began the quest for the
                  | Orb.
     0 | D:1      | Reached XP level 1. HP: 12/12 MP: 1/1
   169 | D:1      | Reached XP level 2. HP: 17/17 MP: 2/2
   174 | D:1      | Reached skill level 5 in Crossbows
   534 | D:1      | Reached skill level 1 in Short Blades
   727 | D:1      | Got a pitted marble ring
   948 | D:2      | Reached XP level 3. HP: 18/22 MP: 3/3
  1047 | D:2      | Reached XP level 4. HP: 19/27 MP: 4/4
  1729 | D:2      | Noticed Natasha
  1731 | D:2      | Killed Natasha
  1732 | D:2      | Reached skill level 1 in Armour
  1732 | D:2      | Reached XP level 5. HP: 32/32 MP: 5/5
  1786 | D:2      | Noticed Natasha
  1791 | D:2      | Killed Natasha
  1796 | D:2      | Identified the ring of Zuudoip {*Tele *Contam rN+ Slay+2}
                  | (You found it on level 1 of the Dungeon)
  2032 | D:2      | Noticed an ogre
  2039 | D:2      | Killed an ogre
  2040 | D:2      | Reached skill level 6 in Crossbows
  2040 | D:2      | Reached XP level 6. HP: 37/37 MP: 6/6
  2140 | D:2      | Found a stormy altar of Qazlal.
  2140 | D:2      | Found an ancient bone altar of Kikubaaqudgha.
  2140 | D:2      | Found a glowing golden altar of the Shining One.
  2198 | D:2      | Found a faded altar of an unknown god.
  2229 | D:2      | Noticed Natasha
  2316 | D:3      | Noticed Asceticacid's ghost (weakling DsGl)
  2326 | D:3      | Found a runed translucent gate.
  2550 | D:3      | Found a runed translucent gate.
  3012 | D:3      | Found a runed translucent gate.
  3671 | D:4      | Noticed a phantom
  3694 | D:4      | Killed a phantom
  3695 | D:4      | Reached XP level 7. HP: 33/41 MP: 7/7
  3913 | D:4      | Noticed Dowan
  3929 | D:4      | Killed Dowan
  4125 | D:5      | Entered Level 5 of the Dungeon
  4362 | D:5      | Reached skill level 7 in Crossbows
  4404 | D:5      | Found a sacrificial altar of Ru.
  4467 | D:5      | Reached XP level 8. HP: 48/48 MP: 8/8
  4516 | D:5      | HP: 2/48 [centaur/arrow (14)]
  4884 | D:5      | Noticed Eustachio
  4901 | D:5      | Killed Eustachio
  4902 | D:5      | Reached skill level 5 in Stealth
  5168 | D:5      | Reached skill level 8 in Crossbows
  5197 | D:5      | Reached skill level 5 in Dodging
  5305 | D:5      | Reached skill level 5 in Short Blades
  5305 | D:5      | Reached XP level 9. HP: 52/52 MP: 9/9
  5327 | D:5      | Noticed a two-headed ogre
  5409 | D:5      | Killed a two-headed ogre
  5410 | D:5      | Reached skill level 5 in Fighting
  5410 | D:5      | Reached skill level 9 in Crossbows
  5847 | D:4      | Found a blossoming altar of Fedhas.
  6490 | D:6      | Noticed Menkaure
  6493 | D:6      | Killed Menkaure
  6598 | D:6      | Found Moeg's Jewellery Shop.
  6777 | D:6      | You fall into a shaft and drop 3 floors!
  6853 | D:9      | Found Xyigg's Assorted Antiques.
  6871 | D:9      | Noticed Prince Ribbit
  6882 | D:9      | Killed Prince Ribbit
  6883 | D:9      | Reached XP level 10. HP: 36/60 MP: 10/10
  7362 | D:8      | Reached skill level 10 in Crossbows
  7582 | D:6      | Found Bavoyng's Jewellery Boutique.
  7659 | D:6      | Noticed Pikel
  7670 | D:6      | Killed Pikel
  8472 | D:6      | Found the +8 demon blade "Leech" {vamp, *Rage +Rage rN+}
  8611 | D:7      | Found a basalt altar of Yredelemnul.
  8802 | D:7      | Found a staircase to the Ecumenical Temple.
  9041 | D:7      | Found a broken altar of Ashenzari.
  9041 | D:7      | Found a snail-covered altar of Cheibriados.
  9200 | D:7      | Reached skill level 1 in Long Blades
  9200 | D:7      | Reached skill level 1 in Evocations
  9290 | Temple   | Entered the Ecumenical Temple
  9480 | Temple   | Became a worshipper of Warmaster Okawaru
  9560 | D:8      | Found a hazy altar of Hepliaklqana.
  9560 | D:8      | Found a shadowy altar of Dithmenos.
  9586 | D:8      | Found a burning altar of Makhleb.
  9601 | D:8      | Noticed Joseph
  9611 | D:8      | Killed Joseph
  9888 | D:8      | Noticed Maggie
  9894 | D:8      | Killed Maggie
  9895 | D:8      | Reached skill level 1 in Invocations
 10341 | D:8      | Reached XP level 11. HP: 66/66 MP: 11/11
 10400 | D:8      | Reached * piety under Okawaru
 10457 | D:8      | Found a glowing silver altar of Zin.
 10465 | D:8      | Found an ornate altar of the Wu Jian Council.
 10779 | D:9      | Noticed Psyche
 10784 | D:9      | Killed Psyche
 10990 | D:9      | Identified the +5 chain mail of Xasm {rN+ Dex-5 Stlth+}
 10992 | D:9      | Found a runed translucent gate.
 10993 | D:9      | Found a runed translucent gate.
 10994 | D:9      | Found a runed translucent gate.
 10996 | D:9      | Noticed Melon's ghost (novice DrEE)
 11122 | D:10     | Entered Level 10 of the Dungeon
 11196 | D:10     | Reached ** piety under Okawaru
 11479 | D:10     | Reached skill level 5 in Armour
 11536 | D:10     | Found a staircase to the Orcish Mines.
 12525 | D:11     | Reached *** piety under Okawaru
 12622 | D:11     | Found a staircase to the Lair.
 12714 | D:11     | Noticed a manticore
 12720 | D:11     | Killed a manticore
 12720 | D:11     | Reached **** piety under Okawaru
 12861 | D:11     | Reached XP level 12. HP: 73/73 MP: 14/14
 12864 | D:11     | Noticed an unseen horror
 12873 | D:11     | Killed an unseen horror
 13280 | D:12     | Received a gift from Okawaru
 13313 | D:12     | Noticed an unseen horror
 13313 | D:12     | Noticed an unseen horror
 13324 | D:12     | Killed an unseen horror
 13330 | D:12     | Killed an unseen horror
 13331 | D:12     | Reached skill level 5 in Long Blades
 13331 | D:12     | Reached skill level 10 in Stealth
 13334 | D:12     | Found a flickering gateway to a bazaar.
 13340 | Bazaar   | Entered a bazaar
 13350 | Bazaar   | Found Raneagoc's Jewellery Shop.
 13405 | Bazaar   | Found Zymu's Book Shop.
 13546 | Bazaar   | Bought the amulet of Efyelazo {rN+ Regen+} for 618 gold
                  | pieces
 13797 | D:12     | Reached skill level 5 in Evocations
 13820 | D:12     | Noticed a centaur warrior
 13828 | D:12     | Killed a centaur warrior
 13828 | D:12     | Reached ***** piety under Okawaru
 14623 | D:12     | Reached skill level 5 in Invocations
 14734 | D:13     | Noticed a two-headed ogre
 14779 | D:13     | Killed a two-headed ogre
 14797 | D:13     | Noticed an unseen horror
 14804 | D:13     | Killed an unseen horror
 14804 | D:13     | Received a gift from Okawaru
 14861 | D:13     | Received a gift from Okawaru
 14922 | D:13     | Reached XP level 13. HP: 60/80 MP: 17/17
 14986 | D:13     | Received a gift from Okawaru
 15079 | D:13     | Noticed a centaur warrior
 15094 | D:13     | Killed a centaur warrior
 15233 | D:13     | Found Ymod's Distillery.
 15253 | D:13     | Found Uzusm's Armour Boutique.
 15378 | Lair:1   | Entered Level 1 of the Lair of Beasts
 16015 | Lair:1   | Reached skill level 10 in Dodging
 16318 | Lair:2   | Noticed an eight-headed hydra
 16324 | Lair:2   | Killed an eight-headed hydra
 16324 | Lair:2   | Reached ****** piety under Okawaru
 16531 | Lair:2   | Received a gift from Okawaru
 17693 | Lair:3   | Noticed a six-headed hydra
 17697 | Lair:3   | Killed a six-headed hydra
 17899 | Lair:3   | Reached skill level 11 in Crossbows
 17914 | Lair:3   | Found a staircase to the Shoals.
 18142 | Lair:3   | Reached XP level 14. HP: 77/87 MP: 19/19
 18190 | Lair:3   | You fall into a shaft and drop 1 floor!
 18776 | Lair:4   | You fall into a shaft and drop 2 floors!
 18776 | Lair:6   | Entered Level 6 of the Lair of Beasts
 18807 | Lair:6   | Reached skill level 10 in Fighting
 18855 | Lair:6   | Received a gift from Okawaru
 18983 | Lair:6   | Found a viscous altar of Jiyva.
 18983 | Lair:6   | Found a staircase to the Slime Pits.
 19429 | Lair:6   | Reached skill level 12 in Crossbows
 19670 | Lair:5   | Received a gift from Okawaru
 21249 | Lair:4   | Found a hole to the Spider Nest.
 22077 | Lair:6   | Received a gift from Okawaru
 22153 | Lair:6   | Received a gift from Okawaru
 22154 | Lair:6   | Reached XP level 15. HP: 93/93 MP: 21/21
 22552 | Lair:6   | Received a gift from Okawaru
 23106 | Orc:1    | Entered Level 1 of the Orcish Mines
 23190 | Orc:1    | You fall into a shaft and drop 1 floor!
 23190 | Orc:2    | Entered Level 2 of the Orcish Mines
 23216 | Orc:2    | Reached skill level 13 in Crossbows
 23326 | Orc:2    | Found Ziorph's Antique Weapon Shop.
 23328 | Orc:2    | Noticed an orc warlord
 23341 | Orc:2    | Killed an orc warlord
 23491 | Orc:2    | Found Taclehig's Book Shoppe.
 23556 | Orc:2    | Found Tyot's Antique Armour Shop.
 23773 | Orc:2    | Found Ceilaec's General Store.
 23809 | Orc:2    | Found a staircase to the Elven Halls.
 24117 | Orc:1    | Noticed Sonja
 24131 | Orc:1    | Killed Sonja
 24725 | Spider:1 | Entered Level 1 of the Spider Nest
 24853 | Spider:1 | Reached skill level 10 in Evocations
 24862 | Spider:1 | Noticed Aizul
 24881 | Spider:1 | Noticed Asterion
 24894 | Spider:1 | HP: 3/95 [redback (7)]
 24912 | Spider:1 | Received a gift from Okawaru
 25361 | D:13     | Found Jocomet's Antique Armour Shoppe.
 25391 | D:13     | Found Omny's Armour Boutique.
 25638 | D:13     | Found Wawyurphau's Assorted Antiques.
 25640 | D:13     | Gained mutation: Your spells are a little harder to cast,
                  | but a little more powerful. [potion of mutation]
 25640 | D:13     | Gained mutation: You are partially covered in icy blue
                  | scales. (AC +2) [potion of mutation]
 25640 | D:13     | Gained mutation: You have sharp fingernails. [potion of
                  | mutation]
 25688 | D:13     | Reached XP level 16. HP: 100/100 MP: 22/22
 26011 | D:13     | Reached skill level 14 in Crossbows
 26056 | D:14     | Found a huge runed gate.
 26056 | D:14     | Found a huge runed gate.
 26056 | D:14     | Found a huge runed gate.
 26056 | D:14     | Found a huge runed gate.
 26056 | D:14     | Found a huge runed gate.
 26056 | D:14     | Found a huge runed gate.
 26057 | D:14     | Found a huge runed gate.
 26058 | D:14     | Found a huge runed gate.
 26058 | D:14     | Found a huge runed gate.
 26098 | D:14     | Found a huge runed gate.
 26106 | D:14     | Received a gift from Okawaru
 26122 | D:14     | Found a huge runed gate.
 26122 | D:14     | Found a huge runed gate.
 26122 | D:14     | Found a huge runed gate.
 26122 | D:14     | Found a huge runed gate.
 26123 | D:14     | Found a huge runed gate.
 26124 | D:14     | Found a huge runed gate.
 26125 | D:14     | Found a huge runed gate.
 26126 | D:14     | Found a huge runed gate.
 26127 | D:14     | Found a huge runed gate.
 26132 | D:14     | Found a huge runed gate.
 26132 | D:14     | Found a huge runed gate.
 26147 | D:14     | Found a huge runed gate.
 26147 | D:14     | Found a huge runed gate.
 26147 | D:14     | Found a huge runed gate.
 26147 | D:14     | Found a huge runed gate.
 26626 | D:14     | Noticed Azrael
 26635 | D:14     | Killed Azrael
 26635 | D:14     | Received a gift from Okawaru
 26824 | D:14     | Found a huge runed gate.
 26825 | D:14     | Found a huge runed gate.
 26826 | D:14     | Found a huge runed gate.
 26827 | D:14     | Found a huge runed gate.
 26828 | D:14     | Found a huge runed gate.
 26829 | D:14     | Found a huge runed gate.
 26830 | D:14     | Found a huge runed gate.
 26831 | D:14     | Found a huge runed gate.
 26832 | D:14     | Found a huge runed gate.
 27330 | D:14     | Found a gate to the Vaults.
 27341 | D:14     | Received a gift from Okawaru
 27449 | D:14     | Noticed a frost giant
 27449 | D:14     | Noticed a shadow dragon
 27457 | D:14     | Noticed a tengu reaver
 27457 | D:14     | Noticed a tengu reaver
 27469 | D:14     | Killed a tengu reaver
 27723 | Shoals:1 | Entered Level 1 of the Shoals
 28134 | Shoals:1 | Found Itweilics's General Store.
 28215 | Shoals:1 | Found a transporter.
 28215 | Shoals:1 | Found a transporter.
 28216 | Shoals:1 | Noticed Pooter's ghost (adept MiMo)
 28826 | Shoals:2 | Found Hostro's Book Shoppe.
 29183 | Shoals:2 | Identified a scroll of acquirement
 29203 | Shoals:2 | Acquired 406 gold pieces
 29550 | Shoals:2 | Reached skill level 10 in Invocations
 30144 | Shoals:3 | Reached skill level 15 in Crossbows
 30513 | Shoals:3 | Reached XP level 17. HP: 100/106 MP: 24/24
 30671 | Shoals:3 | Noticed Bai Suzhen
 30693 | Shoals:3 | Killed Bai Suzhen
 30693 | Shoals:3 | Received a gift from Okawaru
 30706 | Shoals:3 | Received a gift from Okawaru
 30851 | Shoals:3 | Got a brightly glowing cloak
 30852 | Shoals:3 | Identified the +2 cloak of Resourcefulness {Rampage rF+
                  | Int+5 Slay-5} (You found it on level 3 of the Shoals)
 31352 | Shoals:4 | Entered Level 4 of the Shoals
 31382 | Shoals:4 | Received a gift from Okawaru
 31394 | Shoals:4 | Received a gift from Okawaru
 31430 | Shoals:4 | Got a barnacled rune of Zot
 31635 | D:13     | Received a gift from Okawaru
 31636 | D:13     | Reached skill level 15 in Stealth
 31703 | D:14     | Killed a shadow dragon
 31779 | Vaults:1 | Entered Level 1 of the Vaults
 31825 | Vaults:1 | Received a gift from Okawaru
 31844 | Vaults:1 | Found a flickering gateway to a bazaar.
 31854 | Bazaar   | Entered a bazaar
 31868 | Bazaar   | Found Cudi's Gadget Emporium.
 31880 | Bazaar   | Found Com Joi's Antique Weapon Emporium.
 31901 | Bazaar   | Found Ytisodde's Weapon Shoppe.
 31913 | Bazaar   | Found Egitt's Antique Weapon Shoppe.
 32168 | Vaults:1 | Reached skill level 16 in Crossbows
 32191 | Vaults:1 | Received a gift from Okawaru
 32211 | Vaults:1 | Paralysed by a hornet for 3 turns
 33131 | Vaults:1 | Reached XP level 18. HP: 93/113 MP: 26/26
 34683 | Vaults:1 | Acquired a manual of Fighting
 35066 | Vaults:1 | Received a gift from Okawaru
 35130 | Vaults:1 | Reached skill level 10 in Long Blades
 35535 | Vaults:2 | Paralysed by a great orb of eyes for 2 turns
 35593 | Vaults:2 | Found Ruge's Antique Weapon Shop.
 35730 | Vaults:2 | Found Zoshryc's Assorted Antiques.
 36164 | Vaults:2 | Received a gift from Okawaru
 36188 | Vaults:2 | Found a staircase to the Crypt.
 36245 | Vaults:2 | Reached skill level 17 in Crossbows
 36325 | Vaults:2 | Received a gift from Okawaru
 36716 | Vaults:2 | Reached XP level 19. HP: 66/120 MP: 27/27
 36984 | Vaults:2 | Found Omeriy's Gadget Shoppe.
 37120 | Vaults:2 | Found Syerpheu's Armour Emporium.
 37696 | Vaults:2 | Found Moassas's Magic Scroll Boutique.
 37701 | Vaults:2 | Bought a scroll of blinking for 135 gold pieces
 38170 | Orc:2    | Bought shiny shadow dragon scales for 2490 gold pieces
 38382 | Shoals:4 | Received a gift from Okawaru
 38712 | Shoals:4 | HP: 3/120 [alligator snapping turtle (22)]
 39186 | Shoals:4 | Identified the Guide on Poisonous Heat
 39690 | Shoals:4 | Noticed Ilsuiw
 39703 | Shoals:4 | Killed Ilsuiw
 39826 | Shoals:4 | Identified the +1 halberd of Articulation {speed, *Rage
                  | rPois Dex+2 Stlth+}
 40397 | D:15     | Entered Level 15 of the Dungeon
 40630 | D:15     | Received a gift from Okawaru
 40800 | D:15     | Found a staircase to the Depths.
 41087 | D:15     | Reached skill level 18 in Crossbows
 41320 | D:15     | Found a runed translucent gate.
 41320 | D:15     | Found a runed translucent gate.
 41348 | D:15     | Found a runed translucent gate.
 41464 | Depths:1 | Entered Level 1 of the Depths
 41531 | Depths:1 | Found a gateway to Hell.
 41558 | Depths:1 | Found a magical portal.
 41566 | WizLab   | Entered The Roulette of Golubria
 41566 | WizLab   | Found a transporter.
 41608 | WizLab   | Found a transporter.
 41642 | WizLab   | Noticed a lich
 41648 | WizLab   | Killed a lich
 41663 | WizLab   | Found a transporter.
 41693 | WizLab   | Found a transporter.
 41724 | WizLab   | Found a transporter.
 41798 | WizLab   | Found a transporter.
 41898 | WizLab   | Found a transporter.
 41961 | WizLab   | Found a corrupted altar of Lugonu.
 42082 | WizLab   | Found a transporter.
 42082 | WizLab   | Found a transporter.
 42103 | WizLab   | Reached XP level 20. HP: 128/128 MP: 29/29
 42107 | WizLab   | Identified Sif Muna's Grimoire of Orientation
 42114 | WizLab   | Found a transporter.
 42150 | WizLab   | Found a transporter.
 42151 | WizLab   | Found a transporter.
 42198 | WizLab   | Found a corrupted altar of Lugonu.
 42236 | WizLab   | Identified the +0 cloak "Honwoc" {Str+3} (You found it in a
                  | wizard's laboratory)
 42240 | WizLab   | Identified Golubria's Incunabulum of Translocation
 42244 | WizLab   | Found a transporter.
 42256 | WizLab   | Learned a level 3 spell: Portal Projectile
 42258 | WizLab   | Identified the +2 cloak "Pifuotuts" {Rampage} (You found it
                  | in a wizard's laboratory)
 42262 | WizLab   | Identified the cursed +0 cloak of Immorality {Regen+
                  | Stlth+} (You found it in a wizard's laboratory)
 42323 | WizLab   | Found a transporter.
 42326 | WizLab   | Found a transporter.
 42337 | WizLab   | Received a gift from Okawaru
 42373 | WizLab   | Found a transporter.
 42386 | WizLab   | Reached skill level 15 in Fighting
 42416 | WizLab   | Found a transporter.
 42417 | WizLab   | Found a transporter.
 42434 | WizLab   | Reached skill level 1 in Hexes
 42434 | WizLab   | Reached skill level 1 in Translocations
 42465 | WizLab   | Found a transporter.
 42466 | WizLab   | Found a transporter.
 42786 | Depths:1 | HP: 6/129 [cyan ugly thing (14)]
 42803 | Depths:1 | Reached skill level 1 in Spellcasting
 43688 | Depths:1 | Lost mutation: Your spells are a little harder to cast, but
                  | a little more powerful. [potion of mutation]
 43688 | Depths:1 | Gained mutation: You have very sharp fingernails. [potion
                  | of mutation]
 43688 | Depths:1 | Gained mutation: You have very sharp teeth. [potion of
                  | mutation]
 43830 | Depths:1 | Received a gift from Okawaru
 44365 | Depths:1 | Learned a level 1 spell: Corona
 44549 | Depths:1 | Received a gift from Okawaru
 44872 | Depths:2 | Received a gift from Okawaru
 44965 | Depths:2 | Received a gift from Okawaru
 45436 | Elf:1    | Entered Level 1 of the Elven Halls
 45469 | Elf:1    | Found a radiant altar of Vehumet.
 45704 | Elf:1    | Lost mutation: You are partially covered in icy blue
                  | scales. (AC +2) [potion of mutation]
 45704 | Elf:1    | Gained mutation: You possess an exceptional clarity of
                  | mind. [potion of mutation]
 45857 | Elf:1    | Reached XP level 21. HP: 131/135 MP: 30/30
 46163 | Elf:1    | Found an ancient bone altar of Kikubaaqudgha.
 46170 | Elf:1    | Noticed Kirke
 46182 | Elf:1    | Noticed Frances
 46188 | Elf:1    | Killed Kirke
 46200 | Elf:1    | Killed Frances
 46361 | Elf:1    | You fall into a shaft and drop 1 floor!
 46865 | Elf:1    | Acquired a +2 pair of boots of flying
 46897 | Elf:1    | Identified the Tome of Creative Battle Magic
 47054 | Elf:2    | Reached skill level 5 in Translocations
 47228 | Elf:2    | Found Jien's Assorted Antiques.
 47657 | Elf:2    | Reached skill level 5 in Hexes
 47866 | Elf:2    | Found a huge runed translucent gate.
 47866 | Elf:2    | Found a huge runed translucent gate.
 47866 | Elf:2    | Found a huge runed translucent gate.
 47866 | Elf:2    | Found a huge runed translucent gate.
 47867 | Elf:2    | Found a huge runed translucent gate.
 48241 | Elf:3    | Entered Level 3 of the Elven Halls
 48963 | Elf:3    | Found Ninel's Antique Armour Shop.
 49151 | Elf:3    | HP: 6/136 [acid (10)]
 49151 | Elf:3    | Slain by a deep elf blademaster

Illustrated notes

Levels and vault maps discovered:
D:1:      heliophobic_arrival_glass_houses, layout_basic, nrook_loot_triangle,
          minmay_hexomino_f4
D:2:      layout_basic, gammafunk_temple_overflow_claw,
          chequers_ecumenical_altar_grove, uniq_natasha
D:3:      minmay_razor_zed, layout_basic, gammafunk_ghost_split
D:4:      cheibrodos_pilgrimage, layout_basic, overflow_temple_1_default,
          uniq_duvessa
D:5:      kennysheep_windowed_halls, layout_basic, marbit_many_paths,
          uniq_eustachio
D:6:      layout_cave_pods, serial_shops, shop_fountains,
          nicolae_shop_behind_doors, uniq_menkaure, uniq_pikel
D:7:      layout_rooms, gammafunk_temple_overflow_wave,
          minmay_temple_entry_mist, kennysheep_cross_room,
          yredelemnul_altar_generic
D:8:      wander_river, layout_loops_corners,
          riverfiend_overflow_shadow_ancestor, amethyst_overflow_temple_binary,
          makhleb_heckhound_becter, roderic_serpentine_path, uniq_maggie,
          uniq_joseph
D:9:      layout_rooms, serial_shops, nicolae_shop_overgrown_old_shop,
          biasface_ghost_orc_armoury, uniq_psyche, uniq_prince_ribbit1
D:10:     layout_roguey, zombieorc1_lemuel
D:11:     layout_roguey, erik_lair_orcish_takeover, minmay_misc_feat_encased
D:12:     layout_grid_maze, serial_shops, bzr_entry_safe
D:13:     layout_irregular_city, serial_shops, nicolae_shop_trees, shop, shop,
          shop, shop, st_stairs_6, kennysheep_generic_room_16
D:14:     layout_long_grid, david_vaults_1, minmay_misc_feat_five, door_vault,
          uniq_azrael
D:15:     hangedman_depths_entry_civil_slaughter, layout_basic,
          hangedman_abyss_or_decor_lesser_grid, gammafunk_ghost_spectres,
          minmay_checkerbox
Temple:   jpeg_temple_alley_garden
Lair:1:   layout_small_grid, beast_lair_carwin_1
Lair:2:   layout_hall_layers
Lair:3:   layout_long_grid, elwin_shoals_entry_stream
Lair:4:   layout_cave_pods, spider_nest_entry_funnel_web
Lair:5:   layout_cave_shapes
Lair:6:   hangedman_lair_tendril_chambers, layout_layer_cave,
          guppyfry_lair_end_dragon, slime_altar_1
Shoals:1: layout_shoals, ebering_ghost_davey_jones, serial_shops, shop,
          yaktaur_hedge
Shoals:2: cheibrodos_shoals_roost, layout_shoals, serial_shops,
          nicolae_shop_stone, nicolae_shoals_wave_tunnel
Shoals:3: cheibrodos_shoals_three_sisters, layout_shoals, uniq_bai_suzhen
Shoals:4: shoals_end_grunt_ice, layout_shoals, shoals_ilsuiw_ice, ldierk_geyser,
          overgrown_hall
Spider:1: layout_spider_delve, drop_trap, nicolae_looking_at_the_future,
          uniq_aizul, uniq_asterion
Orc:1:    layout_caves, uniq_sonja
Orc:2:    grunt_orc_gardens, layout_caves, grunt_orc_garden, grunt_orc_garden,
          grunt_orc_garden, grunt_orc_garden
Elf:1:    eino_elf_arrival_altar, layout_gridlike, basic_altar,
          minmay_elf_sorcery, hex_large, minivault_23, uniq_kirke, uniq_frances
Elf:2:    layout_loops_corners, serial_shops, nicolae_shop_overgrown_old_shop,
          small_statue_intersection, solitary_fountain
Elf:3:    elf_hall, layout_onion_city, serial_shops, nicolae_shop_behind_doors
Vaults:1: vaults_room_large_hall, vaults_dpeg_cross, st_quartered_hall,
          dpeg_vaults_monster_box, v_misc_16, nicolae_vaults_yaktaur_gun_rack,
          v_pattern_4, nicolae_vaults_shelves_hall, ontoclasm_vaults_eye,
          hangedman_vaults_maws, layout_vaults_omnigrid, serial_shops,
          bzr_entry_water
Vaults:2: blue_anna_dwarven_crypt, ontoclasm_vaults_gateway, v_misc_29,
          ontoclasm_vaults_pinch, vaults_room_hallway, v_misc_4,
          nicolae_vaults_three_branches, vaults_room_door_hall,
          grunt_vaults_hallway_long, layout_vaults_omnicross, serial_shops,
          shop_coins, shop_fountains, shop_fountains, shop, shop
Depths:1: layout_forbidden_donut, mu_enter_wizlab_6, nrook_mini_backslash,
          pf_hell_entry_tar_spiral, kennysheep_small_spiral, st_stairs_3,
          minmay_fire_ice_demons
Depths:2: hangedman_crystal_crosses_colossus [crystal_crosses_arms_four,
          crystal_crosses_arms_two, crystal_crosses_arms_two,
          crystal_crosses_arms_one], pan_entry, abyss_entry, hell_entry

Skill      XL: |  1  2  3  4  5  6  7  8  9 10 11 12 13 14 15 16 17 18 19 20 21 |
---------------+----------------------------------------------------------------+-----
Crossbows      | 5 6 7 8 9 10 11 12 13 15 16 17 18 | 18.0
Short Blades   | 1 2 3 5 6 7 8 |  8.9
Stealth        | 2 3 4 5 7 8 9 10 11 12 13 14 15 16 17 | 17.7
Dodging        | 3 4 5 6 7 8 9 10 11 12 | 12.4
Armour         | 1 2 3 4 5 6 7 8 |  8.9
Fighting       | 3 4 5 6 7 8 9 10 11 12 13 14 15 | 15.9
Long Blades    | 2 4 6 7 8 9 10 11 | 11.3
Evocations     | 2 4 6 7 9 10 11 12 13 14 | 14.1
Invocations    | 1 3 5 6 8 9 10 11 12 13 | 13.1
Hexes          | 4 5 |  5.4
Translocations | 4 5 |  5.5
Spellcasting   | 2 3 |  3.7

Action                   |  1- 3 |  4- 6 |  7- 9 | 10-12 | 13-15 | 16-18 | 19-21 || total
-------------------------+-------+-------+-------+-------+-------+-------+-------++-------
Melee: Dagger            |       |    30 |    29 |       |     1 |    11 |     8 ||    79
       Short sword       |       |       |    36 |       |       |     4 |    16 ||    56
       Long sword        |       |       |    13 |    14 |       |       |       ||    27
       Demon blade       |       |       |       |   446 |   856 |   767 |   651 ||  2720
       Punch             |       |       |       |       |     6 |     8 |     5 ||    19
       Bite              |       |       |       |       |       |       |    38 ||    38
       Arbalest          |       |       |       |       |       |       |     1 ||     1
 Fire: Hand crossbow     |    41 |   141 |   201 |   147 |       |       |       ||   530
       Arbalest          |       |       |       |       |   195 |   457 |   714 ||  1366
Invok: Heroism           |       |       |       |     2 |     9 |     6 |     8 ||    25
       Finesse           |       |       |       |       |     3 |     4 |     6 ||    13
 Abil: Evoke Berserk Rag |       |       |       |       |     2 |     3 |     5 ||    10
       Evoke Invisibilit |       |       |       |       |     2 |     2 |     1 ||     5
Evoke: Wand              |       |       |       |     1 |    21 |    26 |    11 ||    59
       Phial of floods   |       |       |       |       |     1 |     5 |       ||     6
       Condenser vane    |       |       |       |       |       |     2 |     6 ||     8
       Lightning rod     |       |       |       |       |       |       |     1 ||     1
  Use: Scroll            |     5 |     3 |     4 |     5 |    21 |    26 |    15 ||    79
       Potion            |       |       |    12 |       |    11 |     5 |     8 ||    36
 Stab: Sleeping          |       |     6 |     4 |    46 |    29 |    28 |    22 ||   135
       Invisible         |       |       |     1 |       |     6 |       |       ||     7
       Distracted        |       |       |     1 |     3 |     4 |     4 |     2 ||    14
       Paralysed         |       |       |       |     2 |    12 |    19 |     6 ||    39
       Confused          |       |       |       |       |     1 |       |       ||     1
Armor: Leather armour    |       |    14 |    44 |    20 |       |       |       ||    78
       Steam dragon scal |       |       |       |    65 |   187 |   161 |    12 ||   425
       Shadow dragon sca |       |       |       |       |       |       |   440 ||   440
Dodge: Dodged            |       |    59 |   187 |   521 |  1362 |  1061 |   668 ||  3858
Block: Other             |       |       |       |       |       |    61 |       ||    61
       Reflection        |       |       |       |       |       |     2 |       ||     2
       Rpst.: Long sword |       |       |     4 |     1 |       |       |       ||     5
       Demon blade       |       |       |       |   133 |   328 |   202 |   119 ||   782

Table legend: (Time is in decaauts)
 A = Elapsed time spent in this place.
 B = Non-inter-level travel time spent in this place.
 C = Inter-level travel time spent in this place.
 D = Time resting spent in this place.
 E = Time spent auto-exploring this place.
 F = Levels seen in this place.
 G = Mean time per level.
                   A        B        C        D        E       F      G
               +--------+--------+--------+--------+--------+-----+--------+
         Total |  49849 |  46782 |   3067 |   5999 |  30663 |  39 | 1278.2 |
       Dungeon |  19441 |  18011 |   1430 |   1761 |  12882 |  15 | 1296.1 |
        Temple |    231 |    190 |     41 |      0 |    172 |   1 |  231.0 |
          Lair |   8264 |   7365 |    899 |    249 |   5947 |   6 | 1377.3 |
        Shoals |   5845 |   5593 |    252 |   1085 |   3102 |   4 | 1461.2 |
   Spider Nest |    376 |    375 |      1 |    126 |     23 |   1 |  376.0 |
  Orcish Mines |   1593 |   1461 |    132 |     40 |    914 |   2 |  796.5 |
   Elven Halls |   3696 |   3634 |     62 |    223 |   2780 |   3 | 1232.0 |
        Vaults |   6117 |   5973 |    144 |   1680 |   3012 |   2 | 3058.5 |
        Depths |   2847 |   2744 |    103 |    832 |   1249 |   2 | 1423.5 |
        Bazaar |    492 |    492 |      0 |      0 |    183 |   2 |  246.0 |
        Wizlab |    942 |    942 |      0 |      0 |    397 |   1 |  942.0 |
               +--------+--------+--------+--------+--------+-----+--------+

Top non-repeatable levels by time:
Vaults:1: 3598 daAuts
Vaults:2: 2519 daAuts
Depths:1: 2460 daAuts
Shoals:3: 2417 daAuts
  Lair:6: 1990 daAuts
    D:14: 1922 daAuts
     D:5: 1808 daAuts
    D:13: 1669 daAuts
   Elf:1: 1592 daAuts
     D:8: 1574 daAuts
  Lair:3: 1519 daAuts
    D:10: 1419 daAuts
     D:3: 1391 daAuts
  Lair:4: 1387 daAuts
    D:12: 1382 daAuts
